 Dungeon Crawl Stone Soup version 0.25.1-2-g60ff931df9 (webtiles) character file.

Game seed: 1919597836152593189

471 Delamore the Skirmisher (level 7, -8/44 HPs)
             Began as a Gargoyle Fighter on Sept 1, 2020.
             Was an Initiate of Okawaru.
             Mangled by Prince Ribbit (14 damage)
             ... on level 5 of the Dungeon.
             The game lasted 00:03:09 (3709 turns).

Delamore the Skirmisher (Gargoyle Fighter)          Turns: 3709, Time: 00:03:09

Health: -8/44      AC: 12    Str: 21    XL:     7   Next: 9%
Magic:  7/7        EV:  7    Int:  9    God:    Okawaru [......]
Gold:   106        SH:  9    Dex:  9    Spells: 6/6 levels left

rFire    . . .     SeeInvis .   a - +0 flail
rCold    . . .     Gourm    .   c - +0 kite shield
rNeg     + . .     Faith    .   b - +0 scale mail
rPois    ∞         Spirit   .   (no helmet)
rElec    +         Reflect  .   (no cloak)
rCorr    .         Harm     .   (no gloves)
MR       .....                  (no boots)
Stlth    ..........             (no amulet)
HPRegen  0.14/turn              (no ring)
MPRegen  0.10/turn              (no ring)

@: hasted, very quick
A: negative energy resistance 1, electricity resistance, unbreathing,
petrification resistance, rot immunity, AC +4
a: Renounce Religion


You were on level 5 of the Dungeon.
You worshipped Okawaru.
Okawaru was noncommittal.
You were not hungry.

You visited 2 branches of the dungeon, and saw 6 of its levels.

You collected 106 gold pieces.

Inventory:

Hand Weapons
 a - a +0 flail (weapon)
Missiles
 g - a javelin (quivered)
 x - 7 boomerangs
Armour
 b - a +0 scale mail (worn)
 c - a +0 kite shield (worn)
Scrolls
 e - 5 scrolls of teleportation {unknown}
 k - 10 scrolls of identify {unknown}
 m - 2 scrolls of noise {unknown}
 n - a scroll of enchant armour {unknown}
 o - 3 scrolls of remove curse {unknown}
 p - a scroll of fear {unknown}
 t - 3 scrolls of amnesia {unknown}
 u - a scroll of enchant weapon {unknown}
 w - a scroll of fog {unknown}
 y - a scroll of immolation {unknown}
Potions
 d - a potion of might
 h - 2 potions of haste
 i - a potion of flight {unknown}
 j - a potion of ambrosia {unknown}
 l - 4 potions of heal wounds {unknown}
 q - a potion of lignification {unknown}
 r - 3 potions of curing {unknown}
 s - a potion of berserk rage {unknown}
 v - a potion of stabbing {unknown}
 z - a potion of degeneration {unknown}
 A - 2 potions of mutation {unknown}
Comestibles
 f - 8 rations


   Skills:
 - Level 5.0 Fighting
 + Level 4.4 Maces & Flails
 - Level 5.0 Armour
 - Level 5.0 Shields


You had 6 spell levels left.
You didn't know any spells.
Your spell library was empty.

Dungeon Overview and Level Annotations

Branches:
Dungeon (5/15)             Temple (1/1) D:4

Altars:
Cheibriados
Elyvilon
Fedhas
Gozag
Hepliaklqana
Makhleb
Nemelex Xobeh
Okawaru
Qazlal
Ru
Sif Muna
Wu Jian
Xom
Yredelemnul
Zin
The Shining One

Annotations:
D:5 Prince Ribbit


Innate Abilities, Weirdness & Mutations

You are resistant to torment.
Your stone body is resilient. (AC +4)
You are immune to poison.
You resist negative energy. (rN+)
You are resistant to electric shocks. (rElec)
You can survive without breathing.
You are immune to petrification.
You are immune to rotting.


Message History

The javelin pierces through Prince Ribbit!
Prince Ribbit is moderately wounded.
Prince Ribbit hits you!
You hit Prince Ribbit but do no damage.
Prince Ribbit is moderately wounded.
You block Prince Ribbit's attack.
Prince Ribbit hits you but does no damage.
You barely miss Prince Ribbit.
Prince Ribbit is moderately wounded.
Prince Ribbit hits you but does no damage.
Prince Ribbit hits you!
You miss Prince Ribbit.
Prince Ribbit is moderately wounded.
Prince Ribbit hits you!
* * * LOW HITPOINT WARNING * * *
Prince Ribbit hits you.
* * * LOW HITPOINT WARNING * * *
There is a stone staircase leading up here.
It was a potion of haste.
You feel yourself speed up. Prince Ribbit hits you!
You die...

.# #. .. ## .
#.#. #..#
##..# #..@##
. ##..F## ...
##...###.....
#.........(#
#...........
##..........
#.....(.....
#.........##.
###......##


You could see Prince Ribbit.

Vanquished Creatures
  A phantom (D:4)
  A scorpion (D:4)
  An orc priest (D:4)
  An orc wizard (D:4)
  A centaur skeleton (D:4)
  4 worker ants
  An iguana (D:3)
  A howler monkey skeleton (D:4)
  3 adders
  An ooze (D:2)
  2 worms (D:4)
  2 dart slugs
  3 leopard geckos
  7 orcs
  3 giant cockroaches
  3 goblins (D:3)
  4 hobgoblins
  11 jackals
  2 quokkas (D:3)
  5 frilled lizards
  2 kobolds
  6 rats
65 creatures vanquished.

Vanquished Creatures (others)
  4 toadstools (D:1)
4 creatures vanquished.

Grand Total: 69 creatures vanquished

Notes
Turn   | Place    | Note
-------+----------+-------------------------------------------
     0 | D:1      | Delamore the Gargoyle Fighter began the quest for the Orb.
     0 | D:1      | Reached XP level 1. HP: 14/14 MP: 1/1
    86 | D:1      | Reached XP level 2. HP: 19/19 MP: 2/2
   636 | D:2      | Reached XP level 3. HP: 16/23 MP: 3/3
  1715 | D:3      | Reached XP level 4. HP: 29/29 MP: 4/4
  2301 | D:3      | Reached XP level 5. HP: 21/33 MP: 5/5
  2656 | D:4      | Noticed a phantom
  2721 | D:4      | Killed a phantom
  2721 | D:4      | Reached XP level 6. HP: 13/39 MP: 6/6
  3026 | D:4      | Reached skill level 5 in Fighting
  3332 | D:4      | Found a staircase to the Ecumenical Temple.
  3341 | Temple   | Entered the Ecumenical Temple
  3399 | Temple   | Became a worshipper of Warmaster Okawaru
  3435 | D:4      | Reached skill level 5 in Armour
  3435 | D:4      | Reached skill level 5 in Shields
  3473 | D:4      | Reached XP level 7. HP: 43/44 MP: 7/7
  3698 | D:5      | Entered Level 5 of the Dungeon
  3700 | D:5      | Noticed Prince Ribbit
  3709 | D:5      | Mangled by Prince Ribbit

Illustrated notes

Levels and vault maps discovered:
D:1:      ldierk_water_garden, layout_loops_ring, grunt_decor_fettered,
          hangedman_decor_growths, corexii_corridor_pit, serial_bayou_pond_d
D:2:      layout_basic, minivault_11
D:3:      layout_loops_corners, minmay_misc_feat_square
D:4:      layout_cave_pools, minmay_temple_entry_sparse_star, first_ration
D:5:      layout_layer_cave, uniq_prince_ribbit1
Temple:   regret_index_temple_sigil_plot

Skill      XL: |  1  2  3  4  5  6 |
---------------+-------------------+-----
Fighting       | 4 5 |  5.0
Armour         | 4 5 |  5.0
Shields        | 4 5 |  5.0
Maces & Flails | 3 4 |  4.4

Action                   |  1- 3 |  4- 6 |  7- 9 || total
-------------------------+-------+-------+-------++-------
Melee: Flail             |   149 |   175 |    13 ||   337
Throw: Javelin           |       |     6 |     1 ||     7
       Boomerang         |       |    23 |       ||    23
  Use: Potion            |       |       |     1 ||     1
  Eat: Chunk             |     3 |     6 |     1 ||    10
Armor: Scale mail        |    87 |   115 |     7 ||   209
Dodge: Dodged            |    58 |    67 |     3 ||   128
Block: Kite shield       |    76 |   118 |     8 ||   202
